 Dungeon Crawl Stone Soup version 0.27-a0-1202-ge72e49191c (webtiles) character file.

Game seed: 15521691307695016065

37 Morbidden the Skirmisher (level 3, 25/29 HPs)
             Began as a Demonspawn Fighter on June 4, 2021.
             Quit the game on level 2 of the Dungeon.
             The game lasted 00:00:58 (1541 turns).

Morbidden the Skirmisher (Demonspawn Fighter)       Turns: 1541, Time: 00:00:58

Health: 25/29      AC:  8    Str: 16    XL:     3   Next: 23%
Magic:  3/3        EV:  5    Int: 10    God:
Gold:   46         SH: 15    Dex: 12    Spells: 2/2 levels left

rFire    . . .     SeeInvis .   a - +0 long sword
rCold    . . .     Faith    .   f - +2 tower shield
rNeg     . . .     Spirit   .   b - +0 scale mail
rPois    .         Reflect  .   (helmet restricted)
rElec    .         Harm     .   (no cloak)
rCorr    .         Rampage  .   (no gloves)
Will     .....                  (no boots)
Stlth    ..........             (no amulet)
HPRegen  0.09/turn              (no ring)
MPRegen  0.08/turn              (no ring)

@: no status effects
A: antennae 1, yellow scales 1
a: no special abilities


You were on level 2 of the Dungeon.
You visited 1 branch of the dungeon, and saw 2 of its levels.

You collected 46 gold pieces.

Inventory:

Hand Weapons
 a - a +0 long sword (weapon)
Armour
 b - a +0 scale mail (worn)
 f - a +2 tower shield (worn)
Scrolls
 c - a scroll of magic mapping {unknown}
 h - a scroll of teleportation {unknown}
 i - a scroll of identify {unknown}
 j - a scroll of holy word {unknown}
Potions
 d - a potion of might
 e - a potion of mutation {unknown}
 g - a potion of lignification {unknown}


   Skills:
 * Level 3.5 Fighting
 * Level 2.2 Long Blades
 + Level 2.7 Armour
 * Level 1.0 Dodging
 + Level 3.0 Shields


You had 2 spell levels left.
You didn't know any spells.
Your spell library was empty.

Dungeon Overview and Level Annotations

Branches:
Dungeon (2/15)

Altars:


Innate Abilities, Weirdness & Mutations

You have a pair of small antennae on your head.
You are partially covered in yellow scales. (AC +2)


Message History

You closely miss the frilled lizard. You block the frilled lizard's attack.
The frilled lizard barely misses you.
You closely miss the frilled lizard.
The frilled lizard bites you but does no damage.
You miss the frilled lizard. The frilled lizard barely misses you.
You riposte.
You hit the frilled lizard.
You kill the frilled lizard!
No target in view!
No target in view!
No target in view!
No target in view!
No target in view!
No target in view!
No target in view!
No target in view!
A gnoll comes into view. It is wielding a +0 whip.
The gnoll shouts!
You hear a shout!
You see here a frilled lizard corpse.
A gnoll is nearby!
A gnoll is nearby!
You block the gnoll's attack.
A gnoll is nearby!
You slash the gnoll!
The gnoll is heavily wounded.
The gnoll hits you with a +0 whip.
A gnoll comes into view. It is wielding a +0 club.
You block the gnoll's attack.
There are monsters nearby!
The gnoll shouts!
You slash the gnoll!
You kill the gnoll!
Your Dodging skill increases to level 1!
Your Shields skill increases to level 3!
You have reached level 3!
Your experience leads to an increase in your attributes!
Increase (S)trength, (I)ntelligence, or (D)exterity?
You feel clever.
Your demonic ancestry asserts itself...
A pair of antennae grows on your head!
Unknown command.
Are you sure you want to abandon this character and quit the game? (Confirm with "yes".)

## ####
##.. ..#
.....##.#
#......<#
#..#.##†#
#.# #@#
#......)#
#.###.#.#
.g...#
.## ###
#. .


You could see a gnoll.

Vanquished Creatures
  A gnoll (D:2)
  A bat (D:1)
  3 endoplasms
  4 goblins (D:1)
  4 hobgoblins (D:1)
  A quokka (D:1)
  3 ball pythons (D:1)
  3 frilled lizards
  3 kobolds (D:1)
  3 rats (D:1)
26 creatures vanquished.

Notes
Turn   | Place    | Note
-------+----------+-------------------------------------------
     0 | D:1      | Morbidden the Demonspawn Fighter began the quest for the
                  | Orb.
     0 | D:1      | Reached XP level 1. HP: 18/18 MP: 1/1
   428 | D:1      | Gained mutation: You are partially covered in yellow
                  | scales. (AC +2) [demonic ancestry]
   428 | D:1      | Reached XP level 2. HP: 24/24 MP: 2/2
  1541 | D:2      | Reached skill level 1 in Dodging
  1541 | D:2      | Gained mutation: You have a pair of small antennae on your
                  | head. [demonic ancestry]
  1541 | D:2      | Reached XP level 3. HP: 25/29 MP: 3/3
  1541 | D:2      | Quit the game

Illustrated notes

Levels and vault maps discovered:
D:1:      matt_arrival_refuge, layout_loops_corners, minmay_strange_pillars
D:2:      layout_loops_corners, basic_altar, skrybe_limestone_x,
          minmay_quantized

Skill      XL: |  1  2 |
---------------+-------+-----
Long Blades    | 2 |  2.2
Dodging        | 1 |  1.0
Shields        | 3 |  3.0
Fighting       | |  3.5
Armour         | |  2.7

Action                   || total
-------------------------++-------
Melee: Long sword        ||    96
Armor: Scale mail        ||    39
Dodge: Dodged            ||    14
Block: Tower shield      ||    66
       Kite shield       ||     6
       Rpst.: Long sword ||     9

Table legend: (Time is in decaauts)
 A = Elapsed time spent in this place.
 B = Non-inter-level travel time spent in this place.
 C = Inter-level travel time spent in this place.
 D = Time resting spent in this place.
 E = Time spent auto-exploring this place.
 F = Levels seen in this place.
 G = Mean time per level.
                   A        B        C        D        E       F      G
               +--------+--------+--------+--------+--------+-----+--------+
         Total |   1610 |   1590 |     20 |    190 |   1152 |   2 |  805.0 |
       Dungeon |   1610 |   1590 |     20 |    190 |   1152 |   2 |  805.0 |
               +--------+--------+--------+--------+--------+-----+--------+

Top non-repeatable levels by time:
     D:1: 1533 daAuts
     D:2: 76 daAuts
